 Dungeon Crawl Stone Soup version 0.29.0-4-gdea44cf6ec (webtiles) character file.

Game seed: 158457095413466563

17 qw the Chopper (level 2, 0/19 HPs)
             Began as a Gargoyle Berserker on Sept 4, 2022.
             Was a Follower of Trog.
             Slain by a jackal (1 damage)
             ... on level 1 of the Dungeon.
             The game lasted 00:00:16 (337 turns).

qw the Chopper (Gargoyle Berserker)                  Turns: 337, Time: 00:00:17

Health: 0/19       AC:  4    Str: 20    XL:     2   Next: 62%
Magic:  2/2        EV: 11    Int:  7    God:    Trog [*.....]
Gold:   18         SH:  0    Dex:  9    Spells: 1/1 levels left

rFire   . . .      SeeInvis .   a - +0 hand axe
rCold   . . .      Faith    .   (no shield)
rNeg    + . .      Spirit   .   b - +0 animal skin
rPois   inf        Reflect  .   (no helmet)
rElec   +          Harm     .   (no cloak)
rCorr   .          Rampage  .   (no gloves)
Will    .....                   (no boots)
Stlth   +.........              (no amulet)
HPRegen 0.06/turn               (no ring)
MPRegen 0.08/turn               (no ring)

@: on berserk cooldown, slowed, very slow
A: sickness immunity, AC +2, negative energy resistance 1, electricity
resistance, torment resistance 1, petrification resistance
a: Renounce Religion, Berserk


You were on level 1 of the Dungeon.
You worshipped Trog.
Trog was aware of your devotion.
You visited 1 branch of the dungeon, and saw 1 of its levels.

You collected 18 gold pieces.


Innate Abilities, Weirdness & Mutations

You are immune to sickness and miasma.
Your stone body is resilient. (AC +2)
You are immune to poison.
You resist negative energy. (rN+)
You are resistant to electric shocks. (rElec)
You are resistant to unholy torment.
You are immune to petrification.


   Skills:
 - Level 3.2 Fighting
 + Level 3.5 Axes
 - Level 2.1 Armour
 - Level 1.5 Dodging


You had one spell level left.
You didn't know any spells.
Your spell library was empty.

Inventory:

Hand Weapons
 a - a +0 hand axe (weapon)
 f - a +0 whip
Armour
 b - a +0 animal skin (worn)
 c - a +0 ring mail
Scrolls
 d - a scroll of poison {unknown}
Potions
 e - a potion of might {unknown}
 g - a potion of degeneration {unknown}

Dungeon Overview and Level Annotations

Branches:
Dungeon (1/15)

Altars:


Message History

The frilled lizard bites you.
You hit the frilled lizard.
You feel the power of Trog in you as your rage grows.
You kill the frilled lizard!
Trog accepts your kill.
You start resting.
A rat comes into view.
You feel a strong urge to attack something.
You feel your anger nearly subside.
A jackal comes into view.
Found 8 gold pieces.
You are no longer berserk.
You are exhausted.
You feel yourself slow down. The rat closely misses you.
You closely miss the rat. The rat closely misses you.
The jackal barks!
You hit the rat.
The rat is heavily wounded.
The rat bites you. x2
You barely miss the rat.
The rat is heavily wounded.
You hit the jackal but do no damage. The jackal closely misses you.
The rat bites you but does no damage. The jackal misses you.
The rat barely misses you.
You hit the rat but do no damage.
The rat is heavily wounded.
You hit the jackal. The jackal bites you. The rat barely misses you.
The rat closely misses you.
You slash the rat!
You kill the rat!
Trog accepts your kill.
You hit the jackal. The jackal closely misses you. The jackal bites you.
The jackal barely misses you. The jackal closely misses you.
You hit the jackal but do no damage.
The jackal is almost dead.
You barely miss the jackal. The jackal bites you.
You die...

.. . ....>..... #.
?........... .... # .
.... ...... ..... #..
.....#.#[.##....... .. .
##...#.#...........
##............# ......
......#####..)####......
.................h$.....
..........).....@h......
....###......#...#......
.........#.###..## .....
.....##....###...# ....
...............#.# #.#
)..)##.###.#####.. $
##.#...# #.# ###
.....### #.# ...### #.#


You could see 2 jackals.

Vanquished Creatures
  2 bats (D:1)
  An endoplasm (D:1)
  A giant cockroach (D:1)
  2 hobgoblins (D:1)
  2 quokkas (D:1)
  2 frilled lizards (D:1)
  3 kobolds (D:1)
  5 rats (D:1)
18 creatures vanquished.

Notes
Turn   | Place    | Note
-------+----------+-------------------------------------------
     0 | D:1      | qw the Gargoyle Berserker began the quest for the Orb.
     0 | D:1      | Reached XP level 1. HP: 14/14 MP: 1/1
     0 | D:1      | 0 ||| qw: Version: 0.1-a-103-gd6f5d3a
     0 | D:1      | 0 ||| qw: Game counter: 5437
     0 | D:1      | 0 ||| qw: Always use a shield: true
     0 | D:1      | 0 ||| qw: Do Orc after D:15 true
     0 | D:1      | 0 ||| qw: Do second Lair branch before Depths: true
     0 | D:1      | 0 ||| qw: Lair rune preference: random
     0 | D:1      | 0 ||| qw: Plans: Normal
     0 | D:1      | 0 ||| PLANNING D:1-11
    40 | D:1      | 40 ||| Stepping ~*~*~tactically~*~*~ (stealth).
    41 | D:1      | 41 ||| Stepping ~*~*~tactically~*~*~ (stealth).
    47 | D:1      | 47 ||| Stepping ~*~*~tactically~*~*~ (stealth).
    49 | D:1      | Reached skill level 3 in Axes
    49 | D:1      | 49 ||| Stepping ~*~*~tactically~*~*~ (stealth).
    96 | D:1      | Reached XP level 2. HP: 14/19 MP: 2/2
   207 | D:1      | 207 ||| Stepping ~*~*~tactically~*~*~ (stealth).
   211 | D:1      | 211 ||| Stepping ~*~*~tactically~*~*~ (stealth).
   213 | D:1      | 213 ||| Stepping ~*~*~tactically~*~*~ (stealth).
   217 | D:1      | 217 ||| Stepping ~*~*~tactically~*~*~ (stealth).
   249 | D:1      | 249 ||| Stepping ~*~*~tactically~*~*~ (stealth).
   256 | D:1      | 256 ||| Stepping ~*~*~tactically~*~*~ (stealth).
   257 | D:1      | 257 ||| Stepping ~*~*~tactically~*~*~ (stealth).
   292 | D:1      | 292 ||| Stepping ~*~*~tactically~*~*~ (stealth).
   295 | D:1      | 295 ||| Stepping ~*~*~tactically~*~*~ (stealth).
   321 | D:1      | 321 ||| Stepping ~*~*~tactically~*~*~ (stealth).
   322 | D:1      | 322 ||| INVOKING Berserk.
   333 | D:1      | HP: 4/19 [rat (1)]
   336 | D:1      | HP: 1/19 [jackal (1)]
   337 | D:1      | Slain by a jackal

Levels and vault maps discovered:
D:1:      tarquinn_simple_flora_water_e, layout_rooms

Skill      XL: |  1 |
---------------+----+-----
Axes           | 3 |  3.5
Fighting       | |  3.2
Armour         | |  2.1
Dodging        | |  1.5

Action                   || total
-------------------------++-------
Melee: Hand axe          ||    47
Invok: Berserk           ||     1
Armor: Animal skin       ||    14
Dodge: Dodged            ||    33

Table legend:
 A = Non-vault XP
 B = Vault XP
 C = Vault XP percentage of total XP
 D = Non-vault monster count
 E = Vault monster count
 F = Vault count percentage of total count
                 A         B        C        D         E       F
            +---------+---------+-------+---------+---------+-------
      Total |      25 |       0 |   0.0 |      18 |       0 |   0.0
            +---------+---------+-------+---------+---------+-------
        D:1 |      25 |       0 |   0.0 |      18 |       0 |   0.0
            +---------+---------+-------+---------+---------+-------
